 Dungeon Crawl Stone Soup version 0.31.0-1-g2c135a008e (webtiles) character file.

Game seed: 10229780257046568190

538 qw the Shooter (level 7, -2/52 HPs)
             Began as a Djinni Hunter on Jan 23, 2024.
             Slain by a wraith (4 damage)
             ... on level 5 of the Dungeon.
             The game lasted 00:00:14 (3755 turns).

qw the Shooter (Djinni Hunter)                      Turns: 3755, Time: 00:00:15

Health: -2/52      AC:  6    Str: 10    XL:     7   Next: 51%
Gold:   33         EV: 13    Int: 11    God:
                   SH:  0    Dex: 18

rFire   + + .        f - +0 orcbow
rCold   x . .        (shield currently unavailable)
rNeg    . . .        c - +0 leather armour
rPois   inf          b - +0 helmet
rElec   .            l - +0 cloak
rCorr   .            g - +0 pair of gloves
SInv    .            (boots unavailable)
Will    .....        (no amulet)
Stlth   ++           (no ring)
HPRegen 0.28/turn    (no ring)
MPRegen 0.00/turn

%: infuse magic (-3 HP)
@: flying, slowed, very slow
A: sickness immunity, fire resistance 2, cold vulnerability 1, float, innate
caster, HP casting, extra vitality 1
a: no special abilities


You were on level 5 of the Dungeon.
You visited 2 branches of the dungeon, and saw 6 of its levels.

You collected 300 gold pieces.
You spent 267 gold pieces at shops.


Innate Abilities, Weirdness & Mutations

You are immune to sickness and miasma.
You are immune to poison.
Your flesh is very heat resistant. (rF++)
You are vulnerable to cold. (rC-)
You float through the air rather than walking.
You learn spells naturally, not from books.
Your magical power is your life essence.
You have superior vitality. (+4 MHP)


   Skills:
 - Level 4.1 Fighting
 + Level 5.9 Ranged Weapons
 - Level 1.0 Armour
 - Level 3.5 Dodging
 - Level 0.7 Stealth


You knew the following spells:

 Your Spells              Type           Power      Damage    Failure   Level
a - Sandblast             Erth           0%         2d4       43%         1
b - Static Discharge      Conj/Air       0%         3-3/arc   58%         2
c - Ozocubu's Armour      Ice            0%         N/A       82%         3
Your spell library was empty.

Inventory:

Hand Weapons
 f - a +0 orcbow (weapon)
Armour
 b - a +0 helmet (worn)
 c - a +0 leather armour (worn)
 g - a +0 pair of gloves (worn)
 l - a +0 cloak (worn)
Wands
 d - a wand of flame (19) (quivered)
 k - a wand of iceblast (4)
Potions
 a - a potion of resistance
 i - a potion of haste
 j - a potion of might

Dungeon Overview and Level Annotations

Branches:
Dungeon (5/15)             Temple (1/1) D:4

Altars:
Ashenzari
Cheibriados
Elyvilon
Fedhas
Gozag
Hepliaklqana
Makhleb
Nemelex Xobeh
Ru
Uskayaw
Wu Jian
Xom
Yredelemnul
Zin
The Shining One

Shops:
D:4 =*[*(


Message History

3739 ||| FLEEEEING.
3740 ||| FLEEEEING.
3741 ||| FLEEEEING.
3742 ||| FLEEEEING.
3743 ||| FLEEEEING.
3744 ||| FLEEEEING.
3745 ||| FLEEEEING.
3746 ||| FLEEEEING.
3747 ||| FLEEEEING.
3748 ||| FLEEEEING.
There is a stone staircase leading up here.
You start resting.
A wraith is nearby!
You shoot an arrow.
The arrow hits the wraith but does no damage.
The wraith hits you. The wraith drains your vigour!
You feel yourself slow down.
3752 ||| ZAPPING wand of flame (23) at -1,1 (wraith; floor).
Aiming: Throw Flame
Press: ? - help, Q - select action, (/) - cycle Shift-Dir - straight line, f/p - wraith The puff of flame misses the wraith.
The wraith barely misses you.
3753 ||| ZAPPING wand of flame (22) at -1,1 (wraith; floor).
Aiming: Throw Flame
Press: ? - help, Q - select action, (/) - cycle Shift-Dir - straight line, f/p - wraith The puff of flame hits the wraith.
The wraith is lightly damaged.
The wraith closely misses you. The wraith hits you!
3754 ||| ZAPPING wand of flame (21) at -1,1 (wraith; floor).
Aiming: Throw Flame
Press: ? - help, Q - select action, (/) - cycle Shift-Dir - straight line, f/p - wraith The puff of flame hits the wraith.
The wraith is moderately damaged.
The wraith hits you but does no damage.
3755 ||| ZAPPING wand of flame (20) at -1,1 (wraith; floor).
Aiming: Throw Flame
Press: ? - help, Q - select action, (/) - cycle Shift-Dir - straight line, f/p - wraith The puff of flame hits the wraith.
The wraith is moderately damaged.
The wraith hits you.
You die...

.....###..................#
#.......#######...........#
########.......##..........#
....#...(......##..........#
...........................#
....#....#.......##...######
#....##.<...........#......
............##...#..#..#####
#.....#.........@#..#......###
#####.#........W##..#.####...##
#####.#.............#.##...#..#
................##W...##...##.#
................##.........##.###
................##..#.#....'.))..
#####.#.........##..#.##...###...
#.####......##..#.##...# ##. #.#
#......##..#.#....# #


You could see a wraith.

Vanquished Creatures
  2 centaurs
  3 jellies
  An orc priest (D:4)
  2 iguanas
  Natasha (thrice) (D:2)
  5 adders
  2 ribbon worms (D:4)
  A dart slug (D:1)
  11 orcs
  7 endoplasms
  A giant cockroach (D:1)
  3 goblins
  6 hobgoblins
  5 quokkas
  5 ball pythons
  3 bats
  2 frilled lizards (D:1)
  8 kobolds
  7 rats
77 creatures vanquished.

Notes
Turn   | Place    | Note
-------+----------+-------------------------------------------
     0 | D:1      | qw the Djinni Hunter began the quest for the Orb.
     0 | D:1      | Reached XP level 1. HP: 18/18 MP: 0/0
     0 | D:1      | 0 ||| qw: Version: 0.3-a-136-gdd3b4e8
     0 | D:1      | 0 ||| qw: Game counter: 1018
     0 | D:1      | 0 ||| qw: Melee chars always use a shield: true
     0 | D:1      | 0 ||| qw: God list: Okawaru
     0 | D:1      | 0 ||| qw: Allow faded altars: false
     0 | D:1      | 0 ||| qw: Do Orc after clearing Dungeon:15 true
     0 | D:1      | 0 ||| qw: Do second Lair branch before Depths: true
     0 | D:1      | 0 ||| qw: Lair rune preference: random
     0 | D:1      | 0 ||| qw: Goals: Normal
     0 | D:1      | 0 ||| PLANNING D:1-11
   139 | D:1      | Reached XP level 2. HP: 23/23 MP: 0/0
   371 | D:1      | Reached skill level 4 in Ranged Weapons
   371 | D:1      | Reached XP level 3. HP: 28/28 MP: 0/0
   371 | D:1      | Learned a level 1 spell: Sandblast
   664 | D:1      | 664 ||| READING scroll labelled XIFES EKKE.
   665 | D:1      | 665 ||| READING scroll labelled POHUB DEPLOPPO.
   665 | D:1      | 665 ||| IDENTIFYING inky potion
   666 | D:1      | 666 ||| READING 2 scrolls labelled FEWINK YRUROR.
   667 | D:1      | 667 ||| READING scroll labelled JOYBITWIMUE.
   668 | D:1      | 668 ||| DROPPING scroll of butterflies.
   669 | D:1      | 669 ||| DROPPING scroll of immolation.
   818 | D:2      | 818 ||| FLEEEEING.
   881 | D:2      | Noticed Natasha
   891 | D:2      | 891 ||| RETREEEEATING.
   892 | D:2      | 892 ||| RETREEEEATING.
   893 | D:2      | 893 ||| RETREEEEATING.
   893 | D:2      | HP: 5/29 [Natasha (8)]
   894 | D:2      | 894 ||| DRINKING potion of heal wounds.
   895 | D:2      | 895 ||| RETREEEEATING.
   897 | D:2      | Killed Natasha
   898 | D:2      | Reached skill level 3 in Fighting
   898 | D:2      | Reached XP level 4. HP: 25/35 MP: 0/0
   947 | D:2      | Noticed Natasha
   950 | D:2      | Killed Natasha
  1101 | D:2      | Found a faded altar of an unknown god.
  1126 | D:2      | Noticed Natasha
  1134 | D:2      | Killed Natasha
  1135 | D:2      | Reached skill level 3 in Dodging
  1135 | D:2      | Reached XP level 5. HP: 21/40 MP: 0/0
  1135 | D:2      | Learned a level 2 spell: Static Discharge
  1524 | D:2      | 1524 ||| UPGRADING to +0 helmet.
  1529 | D:2      | 1529 ||| UPGRADING to +0 pair of gloves.
  1534 | D:2      | 1534 ||| READING scroll of identify.
  1534 | D:2      | 1534 ||| IDENTIFYING red potion
  1535 | D:2      | 1535 ||| READING 2 scrolls labelled ZASSEA FOSEU.
  1636 | D:2      | 1636 ||| READING scroll labelled FERIDD ZEUN.
  1636 | D:2      | 1636 ||| ENCHANTING +0 shortbow.
  1637 | D:2      | 1637 ||| READING scroll labelled EZXITEUSKO.
  1637 | D:2      | 1637 ||| BRANDING +1 shortbow.
  1638 | D:2      | 1638 ||| DROPPING scroll of vulnerability.
  1639 | D:2      | 1639 ||| DROPPING potion of brilliance.
  2196 | D:3      | Reached skill level 1 in Armour
  2240 | D:3      | Found a broken altar of Ashenzari.
  2630 | D:3      | 2630 ||| READING 4 scrolls of identify.
  2630 | D:3      | 2630 ||| IDENTIFYING orange potion
  2631 | D:3      | 2631 ||| READING 3 scrolls of identify.
  2631 | D:3      | 2631 ||| IDENTIFYING scroll labelled KUSYISTRISKOS
  2632 | D:3      | 2632 ||| DROPPING scroll of silence.
  2685 | D:4      | Found a staircase to the Ecumenical Temple.
  2686 | D:4      | 2686 ||| PLANNING TEMPLE
  2686 | D:4      | Noticed a centaur
  2689 | D:4      | Killed a centaur
  2690 | D:4      | Reached XP level 6. HP: 43/46 MP: 0/0
  2705 | Temple   | Entered the Ecumenical Temple
  2706 | Temple   | 2706 ||| PLANNING D:1-11
  2715 | D:4      | 2715 ||| SWAPPING to +0 orcbow.
  2717 | D:4      | 2717 ||| DROPPING +1 shortbow of draining.
  2721 | D:4      | Reached skill level 5 in Ranged Weapons
  2821 | D:4      | Found Sylits's Armour Shoppe.
  2829 | D:4      | 2829 ||| FLEEEEING.
  2830 | D:4      | 2830 ||| FLEEEEING.
  2834 | D:4      | Reached XP level 7. HP: 38/52 MP: 0/0
  2834 | D:4      | Learned a level 3 spell: Ozocubu's Armour
  2886 | D:4      | Found Lasch's General Store.
  2907 | D:4      | 2907 ||| BUYING potion of heal wounds (55 gold).
  2907 | D:4      | Bought a potion of heal wounds for 55 gold pieces
  2907 | D:4      | 2907 ||| BUYING potion of might (44 gold).
  2907 | D:4      | Bought a potion of might for 44 gold pieces
  2907 | D:4      | 2907 ||| BUYING wand of iceblast (4) (105 gold).
  2907 | D:4      | Bought a wand of iceblast (4) for 105 gold pieces
  2928 | D:4      | 2928 ||| BUYING +0 cloak (45 gold).
  2928 | D:4      | Bought a +0 cloak for 45 gold pieces
  2928 | D:4      | 2928 ||| SHOPLISTING +0 ring mail (40 gold, have 24).
  2928 | D:4      | 2928 ||| SHOPLISTING +2 robe of willpower (177 gold, have
                  | 24).
  3063 | D:4      | Found Janeet's Jewellery Shoppe.
  3066 | D:4      | 3066 ||| SHOPLISTING amulet of regeneration (360 gold, have
                  | 24).
  3066 | D:4      | 3066 ||| SHOPLISTING amulet of the acrobat (360 gold, have
                  | 24).
  3066 | D:4      | 3066 ||| SHOPLISTING ring of resist corrosion (240 gold,
                  | have 24).
  3066 | D:4      | 3066 ||| SHOPLISTING ring of willpower (300 gold, have 24).
  3142 | D:4      | Found Kixkew's Antique Weapon Boutique.
  3293 | D:4      | Found Wuyli's Assorted Antiques.
  3299 | D:4      | 3299 ||| SHOPLISTING dented beryl amulet (100 gold, have
                  | 34).
  3299 | D:4      | 3299 ||| BUYING fuming pink potion (18 gold).
  3299 | D:4      | Bought a fuming pink potion for 18 gold pieces
  3299 | D:4      | 3299 ||| SHOPLISTING glowing shortbow (120 gold, have 16).
  3299 | D:4      | 3299 ||| SHOPLISTING scroll of identify (40 gold, have 16).
  3299 | D:4      | 3299 ||| SHOPLISTING wand of flame (17) (238 gold, have
                  | 16).
  3397 | D:4      | 3397 ||| UPGRADING to +0 cloak.
  3402 | D:4      | 3402 ||| READING 2 scrolls of identify.
  3402 | D:4      | 3402 ||| IDENTIFYING fizzy grey potion
  3403 | D:4      | 3403 ||| READING scroll of identify.
  3403 | D:4      | 3403 ||| IDENTIFYING fuming pink potion
  3404 | D:4      | 3404 ||| READING 2 scrolls labelled DINEC BORO.
  3407 | D:4      | 3407 ||| READING scroll labelled YNKOCR ERGHYPA.
  3408 | D:4      | 3408 ||| DROPPING potion of invisibility.
  3444 | D:5      | Entered Level 5 of the Dungeon
  3498 | D:5      | Noticed a wraith
  3516 | D:5      | HP: 11/52 [wraith (5)]
  3517 | D:5      | 3517 ||| READING scroll of teleportation.
  3518 | D:5      | 3518 ||| DRINKING 2 potions of heal wounds.
  3723 | D:5      | HP: 12/52 [centaur/arrow (11)]
  3724 | D:5      | 3724 ||| DRINKING potion of heal wounds.
  3730 | D:5      | 3730 ||| FLEEEEING.
  3731 | D:5      | 3731 ||| FLEEEEING.
  3732 | D:5      | 3732 ||| FLEEEEING.
  3733 | D:5      | 3733 ||| FLEEEEING.
  3738 | D:5      | 3738 ||| FLEEEEING.
  3739 | D:5      | 3739 ||| FLEEEEING.
  3740 | D:5      | 3740 ||| FLEEEEING.
  3741 | D:5      | 3741 ||| FLEEEEING.
  3742 | D:5      | 3742 ||| FLEEEEING.
  3743 | D:5      | 3743 ||| FLEEEEING.
  3744 | D:5      | 3744 ||| FLEEEEING.
  3745 | D:5      | 3745 ||| FLEEEEING.
  3746 | D:5      | 3746 ||| FLEEEEING.
  3747 | D:5      | 3747 ||| FLEEEEING.
  3748 | D:5      | 3748 ||| FLEEEEING.
  3751 | D:5      | HP: 10/52 [wraith (6)]
  3752 | D:5      | 3752 ||| ZAPPING wand of flame (23) at -1,1 (wraith;
                  | floor).
  3753 | D:5      | 3753 ||| ZAPPING wand of flame (22) at -1,1 (wraith;
                  | floor).
  3753 | D:5      | HP: 1/52 [wraith (10)]
  3754 | D:5      | 3754 ||| ZAPPING wand of flame (21) at -1,1 (wraith;
                  | floor).
  3755 | D:5      | 3755 ||| ZAPPING wand of flame (20) at -1,1 (wraith;
                  | floor).
  3755 | D:5      | Slain by a wraith

Levels and vault maps discovered:
D:1:      ncdulo_wetmaze, layout_loops_ring, minmay_pentomino_z2
D:2:      layout_loops_ring, nicolae_ecumenical_oubliette, uniq_natasha
D:3:      layout_basic, cheibrodos_ashenzari_chains, vehumet_altar_wand_db,
          minmay_misc_feat_nine_boxes
D:4:      layout_loops_cross, temple_fountains, serial_shops, shop,
          nicolae_shop_pleasant_corner_grove, nicolae_shop_behind_doors,
          shop_coins, shop
D:5:      layout_basic
Temple:   nicolae_temple_elliptical

Skill      XL: |  1  2  3  4  5  6 |
---------------+-------------------+-----
Ranged Weapons | 4 5 |  5.9
Fighting       | 3 4 |  4.1
Dodging        | 3 |  3.5
Armour         | 1 |  1.0
Stealth        | |  0.7

Action                     |  1- 3 |  4- 6 |  7- 9 || total
---------------------------+-------+-------+-------++-------
   Fire: Shortbow          |    93 |    42 |       ||   135
         Orcbow            |       |    21 |    68 ||    89
  Evoke: Wand              |       |       |     4 ||     4
    Use: Scroll            |     4 |     6 |     5 ||    15
         Potion            |     1 |       |     2 ||     3
 Armour: Leather armour    |    25 |     8 |    38 ||    71
  Dodge: Dodged            |    22 |    10 |    35 ||    67

Table legend:
 A = Non-vault XP
 B = Vault XP
 C = Vault XP percentage of total XP
 D = Non-vault monster count
 E = Vault monster count
 F = Vault count percentage of total count
                 A         B        C        D         E       F
            +---------+---------+-------+---------+---------+-------
      Total |     730 |      39 |   5.1 |      73 |       4 |   5.2
            +---------+---------+-------+---------+---------+-------
        D:1 |      46 |       4 |   8.0 |      27 |       2 |   6.9
        D:2 |      91 |      33 |  26.6 |      12 |       1 |   7.7
        D:3 |      30 |       2 |   6.2 |      10 |       1 |   9.1
        D:4 |     347 |       0 |   0.0 |      16 |       0 |   0.0
        D:5 |     216 |       0 |   0.0 |       8 |       0 |   0.0
            +---------+---------+-------+---------+---------+-------
